 Dungeon Crawl Stone Soup version 0.30-a0-1104-g706747fef1 (webtiles) character file.

Game seed: 5593111452464713492

4 tamnael the Grave Robber (level 1, -1/13 HPs)
             Began as a Vampire Necromancer on Apr 19, 2023.
             Slain by a ball python (2 damage)
             ... on level 1 of the Dungeon.
             The game lasted 00:00:50 (174 turns).

tamnael the Grave Robber (Vampire Necromancer)       Turns: 174, Time: 00:00:50

Health: -1/13      AC:  2    Str:  7    XL:     1   Next: 50%
Magic:  3/3        EV:  9    Int: 17    God:
Gold:   26         SH:  0    Dex: 14    Spells: 3/4 levels left

rFire   . . .      SeeInvis +    (no weapon)
rCold   . . .      Faith    .    (no shield)
rNeg    . . .      Spirit   .    a - +0 robe
rPois   .          Reflect  .    (no helmet)
rElec   .          Rampage  .    (no cloak)
rCorr   .                        (no gloves)
Will    .....                    (no boots)
Stlth   ++                       (no amulet)
HPRegen 0.42/turn                (no ring)
MPRegen 0.08/turn                (no ring)

@: healing quickly, constricted
A: alive, fangs 3, see invisible, vampiric 1
a: Exsanguinate


You were on level 1 of the Dungeon.
You visited 1 branch of the dungeon, and saw 1 of its levels.

You collected 26 gold pieces.

Inventory:

Armour
 a - a +0 robe (worn)
 c - a +0 pair of gloves
Scrolls
 d - a scroll of teleportation {unknown}
 f - a scroll of immolation {unknown}
Potions
 b - a potion of magic
 e - a potion of attraction {unknown}
 g - 2 potions of curing {unknown}


   Skills:
 + Level 2.3 Dodging
 + Level 3.0 Stealth
 + Level 2.0 Spellcasting
 + Level 4.5 Necromancy


You had 3 spell levels left.
You knew the following spells:

 Your Spells              Type           Power      Damage    Failure   Level
a - Necrotise             Necr           68%        1d7       3%          1

Your spell library contained the following spells:

 Spells                   Type           Power      Damage    Failure   Level
 Vampiric Draining        Necr           17%        2d7       9%          3
 Animate Dead             Necr           17%        N/A       30%         4
 Agony                    Necr           17%        N/A       63%         5


Dungeon Overview and Level Annotations

Branches:
Dungeon (1/15)

Altars:


Innate Abilities, Weirdness & Mutations

Your natural rate of healing is accelerated.
You have razor-sharp teeth.
You have supernaturally acute eyesight. (SInv)
You are afflicted with vampirism.


Message History

You kill the bat!
You swap places.
Found 4 gold pieces.
Found a stone staircase leading down.
Found 2 purple potions.
e - a lumpy dark potion
f - a scroll labelled INIJYI TULL
Found an escape hatch in the floor.
You swap places.
Your bat skeleton crumbles into dust!
g - 2 purple potions
There is an escape hatch in the floor here.
A hobgoblin comes into view.
A ball python comes into view.
There is a stone staircase leading down here.
The ball python hisses angrily.
The ball python bites you. The ball python completely misses you.
The hobgoblin shouts!
You hit the ball python.
The ball python is moderately wounded.
The ball python bites you but does no damage.
The ball python grabs you. The ball python constricts you.
The hobgoblin hits you.
You barely miss the ball python.
The ball python is moderately wounded.
The ball python barely misses you. The ball python constricts you.
The hobgoblin hits you.
You closely miss the ball python.
The ball python is moderately wounded.
The ball python bites you. The ball python constricts you.
The hobgoblin hits you.
* * * LOW HITPOINT WARNING * * *
You barely miss the ball python.
The ball python is moderately wounded.
The ball python bites you.
* * * LOW HITPOINT WARNING * * *
The ball python constricts you. The hobgoblin barely misses you.
The ball python barely misses you. The ball python constricts you.
You closely miss the ball python.
The ball python is moderately wounded.
The ball python bites you.
You die...

.#.##..# ....# ........
#...# #.###.# #...# #.#
#.. #...# ##.# ### #...#
#..#####
##.###...########.##....
........$......##.##.###
......S@..>.............
......g..............###
######...#####.##.##....
#...# #.##.##.### #...#
#.##.##.# #...#
#.##.##.# #...#
#.##.##.# #...#
#.......### ##.#.#.#...


You could see a hobgoblin and a ball python.

Vanquished Creatures
  A ball python (D:1)
  2 bats (D:1)
3 creatures vanquished.

Notes
Turn   | Place    | Note
-------+----------+-------------------------------------------
     0 | D:1      | tamnael the Vampire Necromancer began the quest for the
                  | Orb.
     0 | D:1      | Reached XP level 1. HP: 13/13 MP: 3/3
   174 | D:1      | Slain by a ball python

Illustrated notes

Levels and vault maps discovered:
D:1:      minmay_arrival_doors, layout_loops_cross, serial_shops, shop,
          shapermc_ecumenical_altar_gd

Action                     || total
---------------------------++-------
  Melee: Unarmed           ||     5
   Cast: Necrotise         ||     6
 Armour: Robe              ||     4
  Dodge: Dodged            ||     7

Table legend: (Time is in decaauts)
 A = Elapsed time spent in this place.
 B = Non-inter-level travel time spent in this place.
 C = Inter-level travel time spent in this place.
 D = Time resting spent in this place.
 E = Time spent auto-exploring this place.
 F = Levels seen in this place.
 G = Mean time per level.
                   A        B        C        D        E       F      G
               +--------+--------+--------+--------+--------+-----+--------+
         Total |    174 |    174 |      0 |      0 |      0 |   1 |  174.0 |
       Dungeon |    174 |    174 |      0 |      0 |      0 |   1 |  174.0 |
               +--------+--------+--------+--------+--------+-----+--------+

Top non-repeatable levels by time:
     D:1: 174 daAuts
